Map: Ruins of Endion

Players

Neeb

  • Race: Protoss Protoss
  • League: Grandmaster

Pokebunny - Winner!

  • Race: Terran Terran
  • League: Grandmaster

VOD

Have the link to the VOD?

Description

Time

  • Played on: April 4, 2016, 5:23 p.m.
  • Length: 7:49
Show
View Real Time Build Order
Export as new Build Order

Neeb Protoss 

Build Orders: 1 Gate Expand, Oracle Opening 

Get SALT Encoding   

  12  0:00  Probe (Chrono Boost)  
  13  0:11  Probe (Chrono Boost)  
  14  0:17  Pylon  
  14  0:21  Probe (Chrono Boost)  
  16  0:35  Probe (Chrono Boost), Gateway  
  16  0:46  Probe (Chrono Boost)  
  16  0:48  Assimilator  
  17  0:56  Probe (Chrono Boost)  
  18  1:07  Probe (Chrono Boost)  
  19  1:18  Nexus  
  19  1:21  Probe (Chrono Boost)  
  20  1:29  Assimilator  
  21  1:37  Cybernetics Core  
  21  1:39  Probe (Chrono Boost)  
  21  1:48  Pylon  
  21  1:50  Probe (Chrono Boost)  
  22  2:00  Probe (Chrono Boost)  
  23  2:10  Probe (Chrono Boost)  
  23  2:14  Adept (Chrono Boost), Warp Gate  
  26  2:22  Probe  
  27  2:34  Probe  
  27  2:36  Stargate, Probe (Chrono Boost)  
  29  2:46  Probe (Chrono Boost)  
  29  2:48  Adept, Probe (Chrono Boost)  
  33  2:57  Probe (Chrono Boost)  
  34  2:59  Probe (Chrono Boost)  
  35  3:08  Probe (Chrono Boost)  
  35  3:09  Probe (Chrono Boost)  
  37  3:15  Adept  
  37  3:16  Pylon  
  37  3:18  Probe (Chrono Boost)  
  37  3:19  Probe (Chrono Boost)  
  40  3:21  Oracle (Chrono Boost)  
  44  3:29  Probe  
  44  3:30  Probe  
  46  3:39  Pylon, Probe  
  47  3:42  Probe  
  48  3:50  Probe  
  48  3:51  Gateway  
  48  3:52  Gateway  
  48  3:53  Oracle (Chrono Boost)  
  48  3:54  Probe  
  53  4:00  Probe  
  54  4:06  Probe  
  55  4:11  Probe  
  54  4:19  Mothership Core  
  54  4:21  Probe  
  54  4:32  Assimilator, Probe  
  53  4:40  Probe  
  53  4:42  Probe  
  53  4:44  Assimilator  
  54  4:47  Nexus  
  54  4:49  Pylon  
  54  4:50  Adept  
  54  4:52  Probe  
  57  4:53  Void Ray (Chrono Boost), Probe  
  62  5:05  Pylon, Probe  
  62  5:06  Pylon  
  62  5:07  Sentry, Probe  
  66  5:15  Pylon  
  66  5:16  Probe  
  66  5:19  Probe  
  66  5:20  Twilight Council  
  68  5:23  Forge  
  68  5:26  Probe  
  69  5:31  Probe  
  69  5:35  Robotics Facility  
  70  5:37  Probe  
  71  5:43  Sentry  
  71  5:44  Sentry, Probe, Blink  
  76  5:50  Stalker  
  76  5:51  Protoss Ground Weapons Level 1 (Chrono Boost)  
  78  6:07  Gateway  
  78  6:08  Gateway  
  78  6:09  Gateway  
  78  6:12  Stalker  
  78  6:13  Stalker  
  78  6:14  Adept  
  85  6:25  Probe  
  85  6:29  Probe  
  85  6:30  Probe  
  81  6:34  Immortal (Chrono Boost)  
  81  6:38  Stalker x3  
  71  7:07  Pylon  
  69  7:09  Adept  
  69  7:10  Adept x4  
  69  7:13  Pylon  
  70  7:34  Adept x4  
  76  7:41  Pylon  
  76  7:45  Pylon  
Show
View Real Time Build Order
Export as new Build Order

Pokebunny Terran - Winner!

Build Orders: Reaper Expand 

Get SALT Encoding   

  12  0:01  SCV  
  13  0:13  SCV  
  14  0:19  Supply Depot  
  14  0:25  SCV  
  15  0:41  Barracks, SCV  
  16  0:45  Refinery  
  16  0:53  SCV  
  17  1:05  SCV  
  18  1:17  SCV  
  19  1:28  Reaper  
  19  1:29  Orbital Command  
  20  1:39  Command Center  
  20  1:49  Supply Depot  
  20  1:55  SCV  
  20  2:00  Marine  
  22  2:06  Factory  
  22  2:09  SCV  
  22  2:12  Refinery  
  23  2:18  Marine  
  23  2:21  SCV  
  25  2:37  Marine, SCV  
  27  2:49  SCV  
  30  2:51  Hellion  
  30  2:52  Starport  
  30  2:54  Orbital Command  
  30  2:55  Barracks Reactor  
  30  3:01  SCV  
  31  3:12  Barracks  
  31  3:14  Widow Mine  
  31  3:15  Barracks  
  31  3:19  SCV  
  34  3:21  SCV  
  35  3:31  Marine x2, Medivac  
  39  3:35  Supply Depot  
  39  3:44  Factory Tech Lab  
  39  3:46  SCV x2  
  41  3:49  Marine x2  
  43  4:06  Barracks Reactor, Barracks Tech Lab  
  43  4:07  Siege Tank, Marine x2  
  44  4:10  Engineering Bay  
  40  4:22  SCV  
  34  4:32  Marine x3  
  37  4:42  Combat Shields  
  37  4:43  Marine x2, Medivac  
  38  4:52  Missile Turret  
  38  4:59  SCV x2  
  40  5:04  Siege Tank  
  43  5:13  Marine x3  
  46  5:19  SCV x2  
  48  5:22  Supply Depot  
  48  5:26  Terran Infantry Weapons Level 1  
  48  5:28  Marine  
  49  5:38  Missile Turret  
  49  5:40  Marine x3  
  49  5:42  SCV  
  53  5:43  SCV  
  53  5:47  Marine  
  55  5:52  Marine, Medivac  
  58  6:04  Supply Depot  
  58  6:16  Marine x4  
  62  6:26  Siege Tank, Marine  
  60  6:33  Marine  
  60  6:34  Marine x3  
  64  6:43  Marine  
  64  6:45  Bunker  
  64  6:51  Marine x2  
  64  6:52  Marine  
  63  6:57  Marine  
  63  6:59  Siege Tank  
  67  7:01  Marine  
  68  7:09  SCV x2  
  70  7:25  Marine, Bunker  
  70  7:26  Marine  
  70  7:27  Marine  
  70  7:28  Marine  
  70  7:30  Marine  
  70  7:33  Bunker  
Tags
 
Add a new tag
Caveats
  • Supply blocks, unpowered buildings, or Contaminate may cause inaccurate times.
  • Supply counts are checked every 10 seconds.